[Event "Early-Titled-Tuesday-Blitz-March-26-2024"]
[Site "Chess.com"]
[Date "2024.03.26"]
[Round "2"]
[White "Masterbeaterr"]
[Black "MyDream003"]
[Result "0-1"]
[WhiteElo "2445"]
[BlackElo "2779"]
[TimeControl "180+1"]
[EndTime "8:13:20 PDT"]
[Termination "MyDream003 won by resignation"]

1. d4 Nf6 2. c4 e6 3. Nc3 Bb4 4. f3 c5 5. a3 Ba5 6. dxc5 Bxc3+ 7. bxc3 Qa5 8. e4 Na6 9. Qb3 Nxc5 10. Qb4 Qc7 11.
Be3 b6 12. Nh3 O-O 13. Be2 Bb7 14. O-O d6 15. Rad1 h6 16. Nf2 Rac8 17. Rd2 Ba6 18. Rfd1 Nb7 19. Qa4 Na5 20. Rxd6 Bxc4 21. Bxc4 Nxc4 22.
Rc6 Qxc6 0-1

[Event "Early-Titled-Tuesday-Blitz-March-26-2024"]
[Site "Chess.com"]
[Date "2024.03.26"]
[Round "2"]
[White "RamonManon0g"]
[Black "bazar-wokzal"]
[Result "0-1"]
[WhiteElo "2381"]
[BlackElo "2563"]
[TimeControl "180+1"]
[EndTime "8:13:24 PDT"]
[Termination "bazar-wokzal won by resignation"]

1. e4 Nc6 2. d4 d5 3. exd5 Qxd5 4. Nf3 Bg4 5. Be2 O-O-O 6. c3 Nf6 7. O-O e5 8. dxe5 Nxe5 9. Qxd5 Rxd5 10. Nxe5 Bxe2 11. Re1 Rxe5 12. Bf4 Re4 13. Bg3 Bd3 14. Nd2 Rxe1+ 15.
Rxe1 Bc5 16. Nb3 Bb6 17. c4 Bxc4 0-1

[Event "Early-Titled-Tuesday-Blitz-March-26-2024"]
[Site "Chess.com"]
[Date "2024.03.26"]
[Round "2"]
[White "Tolya2"]
[Black "Yuruultei"]
[Result "1-0"]
[WhiteElo "2505"]
[BlackElo "2221"]
[TimeControl "180+1"]
[EndTime "8:13:25 PDT"]
[Termination "Tolya2 won by resignation"]

1. Nf3 Nf6 2. c4 g6 3. Nc3 Bg7 4. e4 O-O 5. d4 d6 6. Be2 e5 7. dxe5 dxe5 8. Qxd8 Rxd8 9. Bg5 Re8 10. O-O-O c6 11.
Nxe5 Rxe5 12. Rd8+ Re8 13. Bxf6 Rxd8 14. Bxd8 Na6 15.
Be7 Be6 16. Kc2 Re8 17. Bd6 Bd7 18. f3 f5 19. Bd3 c5 20. a3 Re6 21. Bf4 Bxc3 22.
Kxc3 fxe4 23. Bxe4 Bc6 24. Re1 Bxe4 25. Rxe4 Rxe4 26.
fxe4 Kf7 27. b4 Ke6 28. b5 1-0

[Event "Early-Titled-Tuesday-Blitz-March-26-2024"]
[Site "Chess.com"]
[Date "2024.03.26"]
[Round "2"]
[White "Gabrielian_Artur"]
[Black "FlemingA"]
[Result "1-0"]
[WhiteElo "2787"]
[BlackElo "2427"]
[TimeControl "180+1"]
[EndTime "8:13:53 PDT"]
[Termination "Gabrielian_Artur won by resignation"]

1. e4 c5 2. Nf3 e6 3. c3 b6 4. d4 Bb7 5. Bd3 cxd4 6. cxd4 Nf6 7. Nc3 Nc6 8. O-O Nb4 9. Bb1 Be7 10. a3 Nc6 11. d5 Nb8 12. d6 Bf8 13. e5 Nd5 14.
Re1 Nxc3 15. bxc3 Nc6 16. Bg5 f6 17. Bh4 Kf7 18. Be4 Na5 19. Bxb7 Nxb7 20. exf6 gxf6 21.
Ne5+ Kg8 22. Re3 Bxd6 23. Rg3+ Kf8 24. Bxf6 Qxf6 25. Nxd7+ Ke7 26. Nxf6 Bxg3 27. hxg3 Kxf6 28. Qf3+ 1-0

[Event "Early-Titled-Tuesday-Blitz-March-26-2024"]
[Site "Chess.com"]
[Date "2024.03.26"]
[Round "2"]
[White "Kostya0705"]
[Black "quizden37"]
[Result "0-1"]
[WhiteElo "2570"]
[BlackElo "2849"]
[TimeControl "180+1"]
[EndTime "8:13:55 PDT"]
[Termination "quizden37 won by resignation"]

1. e4 c5 2. Nf3 d6 3. d4 cxd4 4. Nxd4 Nf6 5. Nc3 a6 6. h4 Nc6 7. Be3 e5 8. Nb3 Be6 9. f3 d5 10. Qd2 d4 11. O-O-O dxe3 12. Qxe3 Qc7 13. Nd5 Bxd5 14.
exd5 Nb4 15. Rd2 Nfxd5 16. Qg5 f6 17. Qg3 Nxa2+ 18. Kb1 Nab4 19. c4 Nf4 20. Be2 Bd6 21. Rhd1 Nxe2 22. Rxe2 O-O 23. Re4 f5 24. c5 fxe4 0-1

[Event "Early-Titled-Tuesday-Blitz-March-26-2024"]
[Site "Chess.com"]
[Date "2024.03.26"]
[Round "2"]
[White "Lucky_Puncher"]
[Black "BoltzMannS"]
[Result "1-0"]
[WhiteElo "2478"]
[BlackElo "2167"]
[TimeControl "180+1"]
[EndTime "8:13:57 PDT"]
[Termination "Lucky_Puncher won by checkmate"]

1. d4 Nf6 2. c4 g6 3. Nc3 Bg7 4. e4 d6 5. h3 O-O 6. Be3 Nbd7 7.
Nf3 a6 8. Be2 c5 9. O-O cxd4 10.
Nxd4 Qc7 11. Rc1 b6 12. Nd5 Nxd5 13. cxd5 Qd8 14. Nc6 Qe8 15. Qb3 b5 16. Rfd1 Bb7 17. Na5 Bc8 18. Rc2 Ne5 19. Rdc1 Bd7 20. f4 Nc4 21.
Bxc4 bxc4 22. Rxc4 e6 23. R4c2 exd5 24. Qxd5 Be6 25.
Qxd6 Qa4 26. Nc6 Qxe4 27. Bd4 Bh6 28. Ne7# 1-0

[Event "Early-Titled-Tuesday-Blitz-March-26-2024"]
[Site "Chess.com"]
[Date "2024.03.26"]
[Round "2"]
[White "Hovik_Hayrapetyan"]
[Black "mertfelin"]
[Result "1-0"]
[WhiteElo "2805"]
[BlackElo "2433"]
[TimeControl "180+1"]
[EndTime "8:14:00 PDT"]
[Termination "Hovik_Hayrapetyan won by resignation"]

1. d4 d5 2. c4 e6 3. Nc3 Be7 4. Nf3 Nf6 5. Bf4 O-O 6. e3 b6 7. Bd3 dxc4 8. Bxc4 a6 9. O-O b5 10. Bd3 Nbd7 11. a4 b4 12. Ne4 Bb7 13. Nxf6+ Nxf6 14. Rc1 Rc8 15. Qe2 a5 16. Rfd1 Bd5 17. Ba6 Bb3 18. Bxc8 Bxd1 19. Qxd1 Qxc8 20. Rxc7 Qd8 21. Bg3 Nd5 22. Rc6 Qa8 23. Qc2 h6 24. Qc4 Rb8 25.
Bxb8 Qxb8 26. Rc8+ 1-0

[Event "Early-Titled-Tuesday-Blitz-March-26-2024"]
[Site "Chess.com"]
[Date "2024.03.26"]
[Round "2"]
[White "frequentblunders"]
[Black "LileKoridze"]
[Result "1-0"]
[WhiteElo "2189"]
[BlackElo "2464"]
[TimeControl "180+1"]
[EndTime "8:14:03 PDT"]
[Termination "frequentblunders won by resignation"]

1. d3 d5 2. f3 e5 3. e4 c5 4. Nc3 d4 5. Nce2 Nf6 6. g4 h6 7. h4 Be7 8. c4 dxc3 9. bxc3 Nc6 10.
Be3 b6 11. Nh3 Ba6 12. Ng3 Qd7 13. Be2 Rd8 14. Nf5 Kf8 15. Nxe7 Kxe7 16. Nf2 g6 17. O-O Kf8 18. Qd2 Kg7 19. Rad1 Qe6 20. Kg2 Rd7 21. g5 hxg5 22. hxg5 Nh5 23. Rh1 Rhd8 24. f4 exf4 25. Bxf4 Nxf4+ 26. Qxf4 Rh8 27. Rxh8 Kxh8 28. Qh4+ Kg7 29.
Qh6+ Kg8 30. Rh1 Qe5 31. Ng4 Qg7 32. Nf6+ 1-0

[Event "Early-Titled-Tuesday-Blitz-March-26-2024"]
[Site "Chess.com"]
[Date "2024.03.26"]
[Round "2"]
[White "Boudicca64"]
[Black "EternalNight8"]
[Result "0-1"]
[WhiteElo "1833"]
[BlackElo "2448"]
[TimeControl "180+1"]
[EndTime "8:14:11 PDT"]
[Termination "EternalNight8 won by resignation"]

1. e4 e5 2. d4 exd4 3. Qxd4 Nc6 4. Qe3 d6 5. Nc3 Nf6 6. Bd2 Be7 7. f3 O-O 8. O-O-O Be6 9. Be1 a6 10. g4 Nxg4 11. Qe2 Bg5+ 12. Kb1 Ne3 13. Rd3 Bc4 14. h4 Bxd3 15. Qxd3 Bh6 16. Bh3 Nb4 17. Bd2 Nxd3 0-1

[Event "Early-Titled-Tuesday-Blitz-March-26-2024"]
[Site "Chess.com"]
[Date "2024.03.26"]
[Round "2"]
[White "manitodeplomo"]
[Black "Philippians46"]
[Result "0-1"]
[WhiteElo "2673"]
[BlackElo "3019"]
[TimeControl "180+1"]
[EndTime "8:14:14 PDT"]
[Termination "Philippians46 won by resignation"]

1. d4 Nf6 2. c4 g6 3. Nc3 d5 4. Bf4 Bg7 5. e3 O-O 6. Rc1 c5 7. dxc5 Be6 8. Qb3 Na6 9. Qxb7 Nxc5 10.
Qb5 Rc8 11. Nf3 dxc4 12. Ng5 Bf5 13. Bxc4 Nd3+ 14. Bxd3 Bxd3 15. Qb7 Nd5 16. Nf3 Nxc3 17. bxc3 Bxc3+ 18. Rxc3 Rxc3 19. e4 Qa5 0-1

[Event "Early-Titled-Tuesday-Blitz-March-26-2024"]
[Site "Chess.com"]
[Date "2024.03.26"]
[Round "2"]
[White "Barmen_EV"]
[Black "flawian2008"]
[Result "1-0"]
[WhiteElo "2554"]
[BlackElo "2369"]
[TimeControl "180+1"]
[EndTime "8:14:27 PDT"]
[Termination "Barmen_EV won by resignation"]

1. e4 c5 2. c3 Nf6 3. e5 Nd5 4. d4 cxd4 5. Nf3 Nc6 6. cxd4 e6 7. Bc4 d6 8. O-O Be7 9. Qe2 O-O 10. Bd2 b6 11. Nc3 Nxc3 12. Bxc3 Bb7 13. Rfd1 Rc8 14. Rac1 Qc7 15. exd6 Bxd6 16. d5 exd5 17. Bxd5 Rfe8 18.
Qd3 Nb4 19. Qd4 Be5 20. Qxb4 Bxd5 21. Rxd5 Bxc3 22. Rxc3 Qb7 23. Qd4 Rxc3 24. bxc3 Qe7 25. h3 h6 26. Re5 Qd8 27. Qxd8 Rxd8 28. Re7 a5 29. Rb7 Rd6 30. Nd4 g6 31. Kh2 Kg7 32. a4 Kf6 33. Kg3 Ke5 34. Rxf7 1-0

[Event "Early-Titled-Tuesday-Blitz-March-26-2024"]
[Site "Chess.com"]
[Date "2024.03.26"]
[Round "2"]
[White "sergoy"]
[Black "Charodej1"]
[Result "1-0"]
[WhiteElo "2917"]
[BlackElo "2441"]
[TimeControl "180+1"]
[EndTime "8:14:30 PDT"]
[Termination "sergoy won by resignation"]

1. d4 Nf6 2. c4 e6 3. Nf3 Bb4+ 4.
Nbd2 O-O 5. a3 Be7 6. e4 d6 7. Be2 a5 8. b3 Nc6 9. Bb2 Nd7 10.
O-O e5 11. d5 Ncb8 12. b4 f5 13. exf5 Rxf5 14. c5 Nf6 15. cxd6 cxd6 16. Nc4 axb4 17.
axb4 Rxa1 18. Bxa1 Na6 19. Qb3 Kh8 20. Rd1 e4 21.
Nd4 Rxd5 22. Ne3 Rg5 23. h4 Re5 24. Bxa6 bxa6 25. Nc6 1-0

[Event "Early-Titled-Tuesday-Blitz-March-26-2024"]
[Site "Chess.com"]
[Date "2024.03.26"]
[Round "2"]
[White "savitha1030"]
[Black "vasblesk"]
[Result "0-1"]
[WhiteElo "2512"]
[BlackElo "2789"]
[TimeControl "180+1"]
[EndTime "8:14:33 PDT"]
[Termination "vasblesk won by checkmate"]

1. e4 c5 2. Nf3 g6 3. c3 Bg7 4. d4 cxd4 5. cxd4 d5 6. e5 Nh6 7. Nc3 O-O 8. h3 f6 9. Qb3 e6 10. exf6 Qxf6 11. Be2 Nc6 12. Bg5 Qf7 13. Bxh6 Nxd4 14. Nxd4 Qxf2+ 15. Kd1 Bxh6 16. Nf3 Qxg2 17. Rg1 Qf2 18. Rf1 Qe3 19. Nb1 Qc1# 0-1

[Event "Early-Titled-Tuesday-Blitz-March-26-2024"]
[Site "Chess.com"]
[Date "2024.03.26"]
[Round "2"]
[White "GameOverBro"]
[Black "Szparu"]
[Result "0-1"]
[WhiteElo "2558"]
[BlackElo "2811"]
[TimeControl "180+1"]
[EndTime "8:14:36 PDT"]
[Termination "Szparu won by resignation"]

1. e4 c5 2. Ne2 a6 3. c4 Nc6 4. Nbc3 Nf6 5. d4 cxd4 6. Nxd4 e5 7. Nc2 Bc5 8. Be3 d6 9. Rb1 Be6 10. b4 Bxe3 11. Nxe3 Rc8 12. Bd3 O-O 13. O-O Nd4 14. a4 a5 15. b5 Nd7 16. Ne2 Nc5 17. Nxd4 exd4 18. Nc2 Nxd3 19. Qxd3 Bxc4 20. Qd2 Bxf1 21. Rxf1 Re8 22. Re1 Qc7 23. Nxd4 Qc3 24. Qd1 Rc4 25.
Nf5 Rcxe4 26. Ne3 d5 27. Qb1 d4 28. Rc1 Qb4 29. Nf1 Qxb1 30. Rxb1 Re1 31. Rb2 Rc8 0-1

[Event "Early-Titled-Tuesday-Blitz-March-26-2024"]
[Site "Chess.com"]
[Date "2024.03.26"]
[Round "2"]
[White "GiorgianBarbosa"]
[Black "ferrufino64"]
[Result "1-0"]
[WhiteElo "2506"]
[BlackElo "2229"]
[TimeControl "180+1"]
[EndTime "8:14:40 PDT"]
[Termination "GiorgianBarbosa won by resignation"]

1. d4 d5 2. c3 Nf6 3. Bf4 c5 4.
e3 Nc6 5. Nf3 e6 6. Nbd2 Bd6 7.
Ne5 Bxe5 8. dxe5 Nd7 9. Qg4 g6 10.
Nf3 f5 11. exf6 Nxf6 12. Qh4 O-O 13. Bd3 Qe7 14. Ne5 Nxe5 15. Bxe5 Qf7 16. O-O b6 17. f4 Bb7 18. Rf3 Nd7 19. Bxg6 Qxg6 20. Rg3 Nxe5 21. fxe5 1-0

[Event "Early-Titled-Tuesday-Blitz-March-26-2024"]
[Site "Chess.com"]
[Date "2024.03.26"]
[Round "2"]
[White "Binary010"]
[Black "Slovineanu"]
[Result "1-0"]
[WhiteElo "2793"]
[BlackElo "2515"]
[TimeControl "180+1"]
[EndTime "8:14:41 PDT"]
[Termination "Binary010 won by resignation"]

1. e4 e5 2. Nf3 Nc6 3. Bc4 Nf6 4. Ng5 d5 5. exd5 Nd4 6. c3 b5 7. Bf1 h6 8. cxd4 hxg5 9. dxe5 Nxd5 10. Bxb5+ Bd7 11.
Bxd7+ Qxd7 12. Nc3 Nf4 13. d4 Nxg2+ 14. Kf1 Qh3 15.
Qa4+ Kd8 16. Qc6 Rb8 17. Qxg2 Qd3+ 18. Kg1 1-0

[Event "Early-Titled-Tuesday-Blitz-March-26-2024"]
[Site "Chess.com"]
[Date "2024.03.26"]
[Round "2"]
[White "Levanzovsky"]
[Black "Susal_De_Silva"]
[Result "0-1"]
[WhiteElo "2393"]
[BlackElo "2764"]
[TimeControl "180+1"]
[EndTime "8:14:43 PDT"]
[Termination "Susal_De_Silva won by resignation"]

1. c4 e6 2. Nf3 d5 3. e3 Nf6 4. Nc3 Be7 5. d4 O-O 6. Qc2 a6 7. c5 b6 8. cxb6 cxb6 9. Bd3 Nc6 10. a3 Bb7 11. g4 Rc8 12. g5 Ne4 13. h4 f5 14. Qe2 Na5 15. Ne5 Nb3 16. Rb1 Nxc3 17. bxc3 Nxc1 18. Rxc1 Bxa3 19. Rc2 Bd6 20. Bxa6 Bxa6 21.
Qxa6 Ra8 0-1

[Event "Early-Titled-Tuesday-Blitz-March-26-2024"]
[Site "Chess.com"]
[Date "2024.03.26"]
[Round "2"]
[White "artooon"]
[Black "kriscacco"]
[Result "1-0"]
[WhiteElo "3020"]
[BlackElo "2159"]
[TimeControl "180+1"]
[EndTime "8:14:49 PDT"]
[Termination "artooon won by resignation"]

1. e4 g6 2. d4 Bg7 3. Nc3 d6 4. Be3 Nf6 5. f3 c6 6. Qd2 Nbd7 7. Nge2 b5 8. Bh6 O-O 9. h4 Re8 10. h5 Nf8 11. hxg6 fxg6 12. Bxg7 Kxg7 13. Qh6+ Kh8 14. e5 dxe5 15. dxe5 Ng8 16. Qe3 Bf5 17. Nd4 Qc8 18.
g4 Be6 19. Ne4 Bd5 20. O-O-O a6 21. Ng5 Kg7 22. Bd3 h6 23. Bxg6 Kxg6 24. Qd3+ Kg7 25.
Nf5+ Kh8 26. Nxh6 Nxh6 27. Rxh6+ Kg7 28. Rh7+ Kg8 29. Rdh1 1-0

[Event "Early-Titled-Tuesday-Blitz-March-26-2024"]
[Site "Chess.com"]
[Date "2024.03.26"]
[Round "2"]
[White "BilicVladimir"]
[Black "The_Straightforward_Rook"]
[Result "1-0"]
[WhiteElo "2689"]
[BlackElo "2413"]
[TimeControl "180+1"]
[EndTime "8:14:51 PDT"]
[Termination "BilicVladimir won by resignation"]

1. e4 e5 2. Nf3 Nc6 3. Bb5 Nf6 4. d3 Bc5 5. O-O Nd4 6. Nxd4 Bxd4 7. c3 Bb6 8. a4 c6 9. Bc4 O-O 10. Qe2 Re8 11. h3 h6 12. Be3 d5 13. exd5 cxd5 14. Bb5 Bd7 15. Bxd7 Nxd7 16. Bxb6 Qxb6 17. a5 Qg6 18.
Nd2 Re6 19. Nf3 Rae8 20. Rfe1 b5 21. axb6 axb6 22. b4 Qf5 23. Ra7 Nf8 24. c4 dxc4 25. dxc4 Ng6 26. Qe4 Qxe4 27. Rxe4 f5 28. Re1 Rc6 29.
Rb7 e4 30. Nd4 Rxc4 31. Nxf5 Rxb4 32. Rxg7+ Kf8 33. Rxg6 1-0

[Event "Early-Titled-Tuesday-Blitz-March-26-2024"]
[Site "Chess.com"]
[Date "2024.03.26"]
[Round "2"]
[White "DIM90"]
[Black "ChelsieMonica"]
[Result "0-1"]
[WhiteElo "2323"]
[BlackElo "2533"]
[TimeControl "180+1"]
[EndTime "8:14:51 PDT"]
[Termination "ChelsieMonica won by resignation"]

1. e4 c5 2. d4 cxd4 3. c3 d5 4. exd5 Qxd5 5. cxd4 e6 6. Nf3 Nc6 7. Be2 Nf6 8. O-O Be7 9. Nc3 Qd8 10. Qb3 O-O 11.
Rd1 Na5 12. Qc2 Nd5 13. Nxd5 exd5 14. Bf4 Nc6 15. Ne5 Bd7 16. Qb3 Nxe5 17. Bxe5 Bc6 18.
Qg3 Bf6 19. Bf3 Re8 20. Re1 Bxe5 21. Rxe5 f6 22. Rxe8+ Qxe8 23. Qd6 Rd8 24. Qb4 Qe6 25.
Re1 Qf5 26. Qa5 Ra8 27. Qd2 g5 28. Qe3 Re8 29. Qd2 g4 30. Rxe8+ Bxe8 31. Qe2 Bd7 32. Bxd5+ Qxd5 33. g3 Kf7 34. Qe3 Bc6 0-1

[Event "Early-Titled-Tuesday-Blitz-March-26-2024"]
[Site "Chess.com"]
[Date "2024.03.26"]
[Round "2"]
[White "agvania123"]
[Black "ajedrezsinlimites"]
[Result "0-1"]
[WhiteElo "2414"]
[BlackElo "2627"]
[TimeControl "180+1"]
[EndTime "8:14:52 PDT"]
[Termination "ajedrezsinlimites won by resignation"]

1. e4 c6 2. Nf3 d5 3. Nc3 dxe4 4.
Nxe4 Nf6 5. Qe2 Nxe4 6. Qxe4 Nd7 7. Bc4 Nf6 8. Ne5 e6 9. Qe2 b5 10. Bb3 Qc7 11. d4 Bd6 12. c3 O-O 13. Bf4 Nd5 14. Bg3 a5 15. O-O a4 16. Bc2 a3 17. b3 f6 18. Nf3 b4 19. c4 Nc3 20. Qd3 f5 21. Ne5 c5 22. Rfe1 cxd4 23. Qxd4 Rd8 24. Qh4 Bb7 25. f4 Bc5+ 26. Bf2 Rd2 0-1

[Event "Early-Titled-Tuesday-Blitz-March-26-2024"]
[Site "Chess.com"]
[Date "2024.03.26"]
[Round "2"]
[White "nikitakhoroshev"]
[Black "MarijaKuznecova"]
[Result "0-1"]
[WhiteElo "2664"]
[BlackElo "2426"]
[TimeControl "180+1"]
[EndTime "8:14:54 PDT"]
[Termination "MarijaKuznecova won by resignation"]

1. e4 c5 2. Nc3 d6 3. f4 Nc6 4. Nf3 g6 5. a4 Bg7 6. Bb5 Bd7 7. O-O e6 8. d3 Nge7 9. Qe1 O-O 10. Be3 a6 11. Bxc6 Bxc6 12. Qh4 Rc8 13. e5 Nf5 14.
Qxd8 Rfxd8 15. exd6 Nxe3 16. Rf2 Rxd6 17. Re2 Nf5 18. Ne5 Bxe5 19. fxe5 Rd4 20. a5 Rb4 21. b3 Rd4 22. h3 Nh4 23. Ne4 Bxe4 24. dxe4 Rcd8 25. Kf2 g5 26. g3 Ng6 27. c3 Rd2 28. Ke3 R8d3+ 29. Kf2 Nxe5 0-1

[Event "Early-Titled-Tuesday-Blitz-March-26-2024"]
[Site "Chess.com"]
[Date "2024.03.26"]
[Round "2"]
[White "amylazy"]
[Black "Suleyman_Chess06"]
[Result "0-1"]
[WhiteElo "2412"]
[BlackElo "2684"]
[TimeControl "180+1"]
[EndTime "8:14:57 PDT"]
[Termination "Suleyman_Chess06 won by resignation"]

1. d4 Nf6 2. Nf3 d5 3. c4 e6 4. g3 Be7 5. Bg2 dxc4 6. O-O O-O 7. Qc2 b5 8. Ne5 Nd5 9. a3 Bb7 10. e4 Nf6 11. Rd1 Nbd7 12. Nxd7 Qxd7 13. Nc3 a6 14. Bg5 Rfd8 15. Bxf6 Bxf6 16. e5 Bxg2 17. exf6 Bf3 18. fxg7 Bxd1 19. Rxd1 Qc6 20. Ne4 Kxg7 21. Qe2 Qd5 22.
Qg4+ Kf8 23. Qh4 Qf5 24. Qh6+ Ke7 25. Qh4+ f6 26. Nc5 Kd6 27. Re1 Re8 28. Ne4+ Kc6 29. Nxf6 Rf8 30. Rxe6+ Kb7 31. d5 Rad8 32. Qd4 Qxe6 33.
dxe6 Rxd4 34. e7 Rc8 0-1

[Event "Early-Titled-Tuesday-Blitz-March-26-2024"]
[Site "Chess.com"]
[Date "2024.03.26"]
[Round "2"]
[White "Mindhunter08"]
[Black "Shield12"]
[Result "0-1"]
[WhiteElo "2661"]
[BlackElo "2993"]
[TimeControl "180+1"]
[EndTime "8:14:58 PDT"]
[Termination "Shield12 won by resignation"]

1. e4 c6 2. d4 d5 3. e5 c5 4. Nf3 Nc6 5. dxc5 Bg4 6. c3 e6 7.
Be3 a6 8. Nbd2 Nxe5 9. Be2 Nc6 10. O-O Nge7 11. Qb3 Qc7 12. h3 Bxf3 13. Nxf3 Nf5 14.
Bd4 Be7 15. Bd3 Nfxd4 16. cxd4 Bf6 17. Qa4 O-O 18. Rad1 g6 19. Rfe1 b6 20. b4 Nxd4 21. Nxd4 Bxd4 22. Bxa6 bxc5 23. bxc5 Bxc5 24. Qb5 Qa7 25. Re2 Rfb8 26. Qc6 Qxa6 0-1

[Event "Early-Titled-Tuesday-Blitz-March-26-2024"]
[Site "Chess.com"]
[Date "2024.03.26"]
[Round "2"]
[White "whiteglovethief"]
[Black "eljanov"]
[Result "0-1"]
[WhiteElo "2513"]
[BlackElo "2910"]
[TimeControl "180+1"]
[EndTime "8:15:03 PDT"]
[Termination "eljanov won by resignation"]

1. d4 Nf6 2. c4 e6 3. Nf3 d5 4. g3 Bb4+ 5. Nbd2 O-O 6. Bg2 b6 7. O-O Bb7 8. cxd5 exd5 9. Nb1 Re8 10. Bg5 Nbd7 11. a3 Bd6 12. Nc3 h6 13. Bf4 Bxf4 14. gxf4 c5 15. e3 Ne4 16. dxc5 Nxc3 17. bxc3 Nxc5 18. Nd4 Rc8 19. c4 dxc4 20. Bxb7 Nxb7 21.
Qg4 Qf6 22. Qd7 Nc5 23. Qxa7 Nd3 24. Ne2 c3 25. Rad1 c2 0-1

[Event "Early-Titled-Tuesday-Blitz-March-26-2024"]
[Site "Chess.com"]
[Date "2024.03.26"]
[Round "2"]
[White "tusplingher"]
[Black "dretch"]
[Result "1/2-1/2"]
[WhiteElo "2508"]
[BlackElo "2870"]
[TimeControl "180+1"]
[EndTime "8:15:06 PDT"]
[Termination "Game drawn by repetition"]

1. e4 e6 2. d4 d5 3. Nc3 Nf6 4. Bg5 dxe4 5. Nxe4 Be7 6. Bxf6 Bxf6 7. Nf3 Nd7 8. Qd2 Be7 9. Bd3 c5 10. dxc5 Nxc5 11.
Nxc5 Bxc5 12. Qc3 Qb6 13. O-O O-O 14. Qe5 Bd7 15. Bxh7+ Kxh7 16. Qh5+ Kg8 17. Ng5 Rfd8 18. Qxf7+ Kh8 19. Qh5+ Kg8 20. Qf7+ Kh8 21. Qh5+ Kg8 22.
Rad1 Bd4 23. Qf7+ Kh8 24. Rd3 e5 25. Qh5+ Kg8 26. Qf7+ Kh8 27. Qh5+ Kg8 28. Qf7+ Kh8 1/2-1/2

[Event "Early-Titled-Tuesday-Blitz-March-26-2024"]
[Site "Chess.com"]
[Date "2024.03.26"]
[Round "2"]
[White "XDPS"]
[Black "biostatistician"]
[Result "1-0"]
[WhiteElo "2922"]
[BlackElo "2623"]
[TimeControl "180+1"]
[EndTime "8:15:08 PDT"]
[Termination "XDPS won by resignation"]

1. d4 Nf6 2. Bf4 d5 3. e3 c5 4.
Nf3 Nc6 5. Nbd2 e6 6. c3 Bd6 7. Bg3 O-O 8. Bb5 a6 9. Bxc6 bxc6 10.
Qa4 cxd4 11. cxd4 c5 12. Bxd6 Qxd6 13. Qa3 Ne4 14. Nxe4 dxe4 15. Nd2 a5 16. O-O Ba6 17. Rfc1 Bd3 18. Rxc5 Rfb8 19. Rc8+ Rxc8 20. Qxd6 Rc2 21. Nb3 a4 22. Nc5 Rxb2 23. h4 a3 24. h5 h6 25.
d5 exd5 26. Qxd5 Rab8 27. Nxd3 exd3 28. Qxd3 1-0

[Event "Early-Titled-Tuesday-Blitz-March-26-2024"]
[Site "Chess.com"]
[Date "2024.03.26"]
[Round "2"]
[White "nekotyanof"]
[Black "sansanathalia"]
[Result "1-0"]
[WhiteElo "2690"]
[BlackElo "2414"]
[TimeControl "180+1"]
[EndTime "8:15:25 PDT"]
[Termination "nekotyanof won by resignation"]

1. e4 c5 2. Nf3 Nf6 3. e5 Nd5 4.
d4 cxd4 5. Qxd4 e6 6. Bc4 Nc6 7. Qg4 Nb6 8. Bd3 Qc7 9. O-O Nxe5 10. Nxe5 Qxe5 11. Nc3 a6 12. Be3 Qc7 13. Rfe1 h6 14. Rad1 h5 15. Qg5 Rb8 16. Bg6 d6 17. Bxh5 Nd7 18.
Nd5 Qd8 19. Bxf7+ Kxf7 20. Qxd8 exd5 21. Qc7 Kg8 22. Rxd5 Be7 23. Rxd6 Bxd6 24. Qxd6 b6 25. Bd4 Rb7 26. Re8+ Kh7 27. Rxh8+ Kxh8 28. Qh6+ 1-0

[Event "Early-Titled-Tuesday-Blitz-March-26-2024"]
[Site "Chess.com"]
[Date "2024.03.26"]
[Round "2"]
[White "ritanovikova"]
[Black "PedroGil25"]
[Result "0-1"]
[WhiteElo "2113"]
[BlackElo "2473"]
[TimeControl "180+1"]
[EndTime "8:15:30 PDT"]
[Termination "PedroGil25 won by resignation"]

1. e4 c6 2. d4 d5 3. exd5 cxd5 4. Bd3 Nc6 5. c3 Qc7 6. Nf3 Bg4 7. O-O Nf6 8. h3 Bh5 9. Be3 e6 10. Nbd2 Bd6 11. Qc2 O-O 12. Bg5 Bg6 13. Bxf6 gxf6 14. Nh4 Nb4 15. cxb4 Qxc2 16. Bxc2 Bxc2 17. a3 Rac8 18.
g3 Rc7 19. Rfe1 Rfc8 20. Re3 Bg6 21. Nxg6 hxg6 22. Nb3 b6 23. Kg2 Rc2 24. Rb1 f5 25. Kf3 g5 26. g4 f4 27. Re2 Rxe2 28. Kxe2 Rc2+ 29. Kf3 Kg7 30. Nc1 Rd2 31. Nb3 Rd3+ 0-1

[Event "Early-Titled-Tuesday-Blitz-March-26-2024"]
[Site "Chess.com"]
[Date "2024.03.26"]
[Round "2"]
[White "lagunanivaria"]
[Black "GMT4114"]
[Result "1-0"]
[WhiteElo "2459"]
[BlackElo "1973"]
[TimeControl "180+1"]
[EndTime "8:15:30 PDT"]
[Termination "lagunanivaria won on time"]

1. e3 f5 2. d4 Nf6 3. c4 e6 4.
Nc3 Be7 5. g3 O-O 6. Bg2 d6 7.
Nge2 e5 8. b4 a5 9. b5 Qe8 10.
Bb2 Qg6 11. dxe5 dxe5 12. Nd5 Nxd5 13. Bxd5+ Kh8 14. Bxe5 Bb4+ 15. Bc3 Nd7 16. O-O Nf6 17. Nf4 Qh6 18. Bxb4 axb4 19. Bf3 g5 20. Nd5 Ne4 21.
Bxe4 fxe4 22. Qd4+ Kg8 23. Ne7+ Kf7 24. Nxc8 Raxc8 25. Qxe4 Rce8 26. Qxb7 Re7 27. Rad1 g4 28.
Qd5+ Kg7 29. Qd4+ 1-0

[Event "Early-Titled-Tuesday-Blitz-March-26-2024"]
[Site "Chess.com"]
[Date "2024.03.26"]
[Round "2"]
[White "atalz0"]
[Black "ChessQueen"]
[Result "0-1"]
[WhiteElo "2380"]
[BlackElo "2759"]
[TimeControl "180+1"]
[EndTime "8:15:33 PDT"]
[Termination "ChessQueen won on time"]

1. d4 f5 2. g3 Nf6 3. Bg2 g6 4. Nh3 Bg7 5. c4 Nc6 6. Nc3 O-O 7. O-O e5 8. dxe5 Nxe5 9. c5 Qe7 10. b4 a5 11. Bb2 axb4 12. Nd5 Nxd5 13. Qxd5+ Kh8 14.
Rab1 c6 15. Qb3 Qxc5 16. Rfc1 Qe7 17. f4 Ng4 18. Bxg7+ Kxg7 19. Ng5 Qe3+ 20. Qxe3 Nxe3 21. Rxb4 Nxg2 22. Kxg2 Rxa2 23. Kf3 Re8 24. e3 h6 25.
Nh3 Ra3 26. Re1 d5 27. Nf2 Re7 28. Nd1 b5 29. Re2 Re4 30. Rb1 b4 31. Rc2 Bd7 0-1

[Event "Early-Titled-Tuesday-Blitz-March-26-2024"]
[Site "Chess.com"]
[Date "2024.03.26"]
[Round "2"]
[White "KnightmareJoker"]
[Black "wqws"]
[Result "0-1"]
[WhiteElo "2293"]
[BlackElo "2735"]
[TimeControl "180+1"]
[EndTime "8:15:33 PDT"]
[Termination "wqws won by resignation"]

1. e4 e5 2. Nf3 Nc6 3. d4 exd4 4. Nxd4 Nf6 5. Nc3 Bb4 6. Nxc6 bxc6 7. Bd3 d5 8. exd5 O-O 9. O-O cxd5 10. h3 Be6 11. Bg5 Be7 12. Qf3 Rb8 13. Rab1 h6 14. Bf4 Rb4 15. a3 Rb6 16. Rfd1 c5 17. Be5 Qc8 18.
Bxf6 Bxf6 19. Nxd5 Bxd5 20. Qxd5 Bxb2 21. Qe4 g6 22.
Bc4 Qe8 23. Qd3 Qe5 24. Re1 Qf6 25. Re3 Rd8 26. Qe2 Bd4 27. Rf3 Rxb1+ 28. Kh2 Qe5+ 29. Qxe5 Bxe5+ 30. g3 Rd7 31. Re3 Bd4 32. Re2 Kf8 33.
f4 Re7 34. Rd2 Ree1 0-1